 Dungeon Crawl Stone Soup version 0.27.1-34-g3ba077fa99 (webtiles) character file.

Game seed: 2588659235900822949

2440 multipassport the Agent of Entropy (level 9, -1/92 HPs)
             Began as a Naga Abyssal Knight on Jan 15, 2022.
             Was a Priest of Lugonu.
             Hit by a large rock thrown by a cyclops (34 damage)
             ... on level 7 of the Dungeon.
             The game lasted 01:09:41 (9108 turns).

multipassport the Agent of Entropy (NaAK)           Turns: 9108, Time: 01:09:42

Health: -1/92      AC: 12    Str: 18    XL:     9   Next: 49%
Magic:  14/14      EV: 24    Int: 15    God:    Lugonu [***...]
Gold:   248        SH:  2    Dex:  9    Spells: 8/8 levels left

rFire    + . .     SeeInvis +   a - +2 spear
rCold    x . .     Faith    .   t - +0 buckler
rNeg     . . .     Spirit   .   v - +0 steam dragon scales
rPois    +         Reflect  .   s - +2 helmet {Int+3}
rElec    .         Harm     .   u - +0 cloak
rCorr    +         Rampage  .   (no gloves)
Will     +....                  (no barding)
Stlth    +.........             q - amulet of the acrobat
HPRegen  0.25/turn              h - ring of resist corrosion
MPRegen  0.14/turn              n - ring of fire

@: acrobatic, very slow
A: AC +3, large, see invisible, deformed body, poison resistance, slowness 2,
spit poison 1, naga tail 1, stinger 1, iridescent scales 1, clumsy 1, robust 1
a: Spit Poison, Renounce Religion, Depart the Abyss, Bend Space, Banish


You were on level 7 of the Dungeon.
You worshipped Lugonu.
Lugonu was most pleased with you.
You visited 2 branches of the dungeon, and saw 8 of its levels.
You visited the Abyss 1 time.

You collected 248 gold pieces.

Inventory:

Hand Weapons
 a - a +2 spear (weapon)
Missiles
 m - 8 javelins
Armour
 s - a +2 helmet of intelligence (worn)
 t - a +0 buckler (worn)
 u - a +0 cloak (worn)
 v - +0 steam dragon scales (worn)
Jewellery
 f - a ring of magical power
 h - a ring of resist corrosion (left hand)
 n - a ring of fire (right hand)
 q - an amulet of the acrobat (around neck)
 r - a ring of ice
Wands
 d - a wand of paralysis (6)
 j - a wand of charming (5)
 p - a wand of flame (32)
Scrolls
 k - 5 scrolls of teleportation
 w - a scroll of fog
Potions
 c - 3 potions of attraction
 e - 3 potions of curing
 g - a potion of brilliance
 i - 5 potions of flight {unknown}
 l - a potion of heal wounds
 o - 2 potions of lignification


   Skills:
 + Level 6.3 Fighting
 + Level 5.8 Polearms
 + Level 4.6 Armour
 + Level 4.2 Dodging
 - Level 1.0 Stealth
 + Level 7.1 Invocations


You had 8 spell levels left.
You didn't know any spells.
Your spell library contained the following spells:

 Spells                   Type           Power      Damage    Failure   Level
 Foxfire                  Conj/Fire      0%         2x1d4     41%         1
 Blink                    Tloc           N/A        N/A       56%         2
 Corpse Rot               Necr/Air       N/A        N/A       56%         2
 Poisonous Vapours        Pois/Air       0%         N/A       56%         2
 Conjure Flame            Conj/Fire      0%         6-21      80%         3
 Dazzling Flash           Conj/Hex       0%         N/A       80%         3
 Inner Flame              Hex/Fire       0%         N/A       80%         3
 Iskenderun's Mystic Bla  Conj/Tloc      0%         2d3       99%         4
 Freezing Cloud           Conj/Ice/Air   0%         6-21      100%        5
 Manifold Assault         Tloc           0%         N/A       100%        5
 Starburst                Conj/Fire      0%         6d3       100%        6
 Storm Form               Tmut/Air       0%         N/A       100%        7


Dungeon Overview and Level Annotations

Branches:
Dungeon (7/15)             Temple (1/1) D:4

Altars:
Cheibriados
Dithmenos
Gozag
Qazlal
Ru
Trog
Uskayaw
Vehumet
Wu Jian
Xom
Zin


Innate Abilities, Weirdness & Mutations

Your serpentine skin is tough. (AC +3)
You have supernaturally acute eyesight. (SInv)
Armour fits poorly on your strangely shaped body.
Your system is resistant to poisons. (rPois)
You cover ground very slowly.
You can spit poison.
You have a snake-like lower body.
Your tail ends in a poisonous barb.
You are partially covered in iridescent scales. (AC +2)
You are clumsy. (Dex -2)
You are robust. (+10% HP)


Message History

Press: ? - help, v - describe, . - travel
Here: a cyclops, quivering large rocks The floor.
Abil: Spit Poison
Press: ? - help, Q - select action, (/) - cycle Shift-Dir - straight line, f - cyclops
Aim: a cyclops, quivering large rocks The splash of poison hits the cyclops but does no damage.
The cyclops is poisoned.
The cyclops throws a large rock.
The large rock hits you!!
You have got your breath back.
Abil: Spit Poison
Press: ? - help, Q - select action, (/) - cycle Shift-Dir - straight line, f/p - cyclops
Aim: a cyclops, quivering large rocks (lightly wounded, poisoned)
The splash of poison hits the cyclops.
The cyclops looks even sicker.
The cyclops is lightly wounded.
You have got your breath back.
Abil: Spit Poison
Press: ? - help, Q - select action, (/) - cycle Shift-Dir - straight line, f/p - cyclops
Aim: a cyclops, quivering large rocks (moderately wounded, poisoned)
The splash of poison hits the cyclops!
The cyclops looks even sicker.
The cyclops is heavily wounded.
You have got your breath back.
Abil: Spit Poison
Press: ? - help, Q - select action, (/) - cycle Shift-Dir - straight line, f/p - cyclops
Aim: a cyclops, quivering large rocks (heavily wounded, very poisoned)
The splash of poison hits the cyclops!
The cyclops looks even sicker.
The cyclops is severely wounded.
The cyclops throws a large rock.
The large rock barely misses you.
You have got your breath back.
Abil: Spit Poison
Press: ? - help, Q - select action, (/) - cycle Shift-Dir - straight line, f/p - cyclops
Aim: a cyclops, quivering large rocks (almost dead, very poisoned)
The splash of poison hits the cyclops but does no damage.
The cyclops looks even sicker.
The cyclops is almost dead.
The cyclops throws a large rock.
The large rock hits you!!!
You can't do that yet.
You have got your breath back.
The cyclops throws a large rock.
The large rock hits you!!
You die...

..# ####....# ..#
#.......# ..##
##.......## ...###
##.........## ..(..##
#...........#
...#..###.........(.#
...##..#.[.[........#
..####..............#
.## ##.........@...#
.# #.............# ##
##............## #
#.............# #
#............## #
######...#....# ##
##...#...# .#
##..C..## .#
#####...##


You could see a cyclops (very poisoned).

Vanquished Creatures
  Maggie (D:7)
  A steam dragon (D:6)
  A water moccasin (D:6)
  2 ice beasts
  2 hornet zombies
  An orc warrior (D:5)
  A black bear (D:6)
  2 necrophages
  2 ogres
  2 bullfrogs
  3 scorpions
  A wyvern skeleton (D:7)
  2 hounds
  A jelly (D:4)
  Crazy Yiuf (D:4)
  A bullfrog skeleton (D:6)
  A centaur skeleton (D:6)
  7 iguanas
  A hound zombie (D:5)
  Robin (D:4)
  4 adders
  4 gnolls
  2 howler monkey skeletons
  2 shadow imps
  An adder zombie (D:5)
  2 dart slugs
  2 orcs
  8 endoplasms
  3 giant cockroaches
  19 goblins
  11 hobgoblins
  8 jackals
  8 kobolds
  5 quokkas
  7 ball pythons
  5 bats
  6 frilled lizards
  4 rats (D:1)
135 creatures vanquished.

Notes
Turn   | Place    | Note
-------+----------+-------------------------------------------
     0 | Abyss:1  | multipassport the Naga Abyssal Knight began the quest for
                  | the Orb.
     0 | Abyss:1  | Reached XP level 1. HP: 21/21 MP: 2/2
    72 | Abyss:1  | Noticed a wight
    75 | D:1      | Escaped the Abyss
   119 | D:1      | HP: 1/21 [jackal (2)]
   412 | D:1      | Reached * piety under Lugonu
   413 | D:1      | Reached XP level 2. HP: 28/28 MP: 3/3
   723 | D:1      | Reached XP level 3. HP: 32/34 MP: 4/4
  1717 | D:2      | Found a faded altar of an unknown god.
  1939 | D:2      | Reached skill level 1 in Dodging
  1939 | D:2      | Reached XP level 4. HP: 42/44 MP: 5/5
  2355 | D:3      | Gained mutation: You are clumsy. (Dex -2) [potion of
                  | mutation]
  2355 | D:3      | Gained mutation: You are robust. (+10% HP) [potion of
                  | mutation]
  2355 | D:3      | Gained mutation: You are partially covered in iridescent
                  | scales. (AC +2) [potion of mutation]
  2355 | D:3      | Gained mutation: Your tail ends in a poisonous barb.
                  | [potion of mutation]
  2584 | D:3      | Reached ** piety under Lugonu
  2743 | D:3      | Reached skill level 1 in Stealth
  2958 | D:3      | Noticed a scorpion
  2965 | D:3      | Killed a scorpion
  2966 | D:3      | Reached XP level 5. HP: 55/55 MP: 4/6
  3182 | D:4      | You fall into a shaft and drop 2 floors!
  3270 | D:6      | Noticed an ice beast
  3273 | D:5      | Entered Level 5 of the Dungeon
  3273 | D:5      | Noticed an ogre
  3296 | D:5      | Killed an ogre
  3297 | D:5      | Reached skill level 3 in Invocations
  3297 | D:5      | Reached XP level 6. HP: 28/63 MP: 5/8
  4131 | D:4      | Reached XP level 7. HP: 60/72 MP: 9/9
  4585 | D:4      | Noticed Robin
  4608 | D:4      | Killed Robin
  4610 | D:4      | Reached *** piety under Lugonu
  4626 | D:4      | Found a staircase to the Ecumenical Temple.
  4639 | Temple   | Entered the Ecumenical Temple
  5111 | D:4      | Found a runed translucent door.
  5112 | D:4      | Noticed Crazy Yiuf
  5130 | D:4      | Killed Crazy Yiuf
  5508 | D:4      | Reached skill level 4 in Invocations
  5651 | D:5      | Reached skill level 5 in Fighting
  6289 | D:6      | Noticed a steam dragon
  6321 | D:6      | Killed a steam dragon
  6322 | D:6      | Reached XP level 8. HP: 33/81 MP: 9/11
  6596 | D:5      | Reached skill level 5 in Invocations
  7337 | D:6      | Found a shadowy altar of Dithmenos.
  7369 | D:6      | Reached skill level 5 in Polearms
  7369 | D:6      | Reached skill level 6 in Invocations
  7592 | D:6      | Found a sacrificial altar of Ru.
  7758 | D:6      | Reached XP level 9. HP: 82/86 MP: 13/13
  8211 | D:7      | Noticed Maggie
  8336 | D:7      | Killed Maggie
  8596 | D:7      | Reached skill level 7 in Invocations
  9089 | D:7      | Noticed a cyclops
  9108 | D:7      | Hit by a large rock thrown by a cyclops

Illustrated notes

Levels and vault maps discovered:
D:1:      dpeg_arrival_ternary, layout_basic, grunt_decor_cap,
          chequers_serial_rivers_marsh, hex_large, glass_columns_a
D:2:      layout_basic, shapermc_ecumenical_altar_pompeii,
          minmay_tree_intersection
D:3:      layout_basic, minmay_goblin_outpost
D:4:      layout_loops_ring, minmay_temple_entry_crystal_x,
          minmay_misc_feat_hallway, chequers_serial_rivers_small_3,
          uniq_crazy_yiuf_cottage, uniq_robin
D:5:      layout_rooms, nrook_mini_backslash, serial_park_tiny_pond,
          minmay_fractal_squares_gapless_5
D:6:      layout_basic, nicolae_dithmenos_through_a_glass_darkly,
          hangedman_ru_absence, serial_rivers, chequers_serial_rivers_room_b,
          chequers_serial_rivers_large_b, chequers_serial_rivers_large_a,
          chequers_serial_rivers_micro_c, chequers_serial_rivers_micro_a,
          chequers_serial_rivers_micro_e, minmay_misc_feat_diagonals
D:7:      layout_cave_pods, uniq_maggie
Temple:   jpeg_temple_island

Skill      XL: |  1  2  3  4  5  6  7  8  9 |
---------------+----------------------------+-----
Armour         | 2 3 4 |  4.6
Dodging        | 1 2 3 4 |  4.2
Stealth        | 1 |  1.0
Fighting       | 4 5 6 |  6.3
Polearms       | 3 4 5 |  5.8
Invocations    | 3 4 6 7 |  7.1

Action                   |  1- 3 |  4- 6 |  7- 9 || total
-------------------------+-------+-------+-------++-------
Melee: Spear             |   120 |    93 |   371 ||   584
Invok: Depart the Abyss  |     1 |       |       ||     1
       Bend Space        |       |     8 |    21 ||    29
       Banish            |       |       |     2 ||     2
 Abil: Spit Poison       |    30 |    40 |    75 ||   145
Evoke: Wand              |       |       |     2 ||     2
  Use: Scroll            |       |     6 |     7 ||    13
       Potion            |       |     2 |       ||     2
 Stab: Sleeping          |     1 |     1 |     1 ||     3
       Paralysed         |       |       |    12 ||    12
Armor: Leather armour    |    32 |    31 |   114 ||   177
       Steam dragon scal |       |       |    15 ||    15
Dodge: Dodged            |    60 |    41 |   167 ||   268
Block: Buckler           |       |       |     9 ||     9
